Map: Disco Bloodbath LE

Players

Zanster

  • Race: Zerg Zerg
  • Spawn Location: 3:00

Gerald - Winner!

  • Race: Protoss Protoss
  • Spawn Location: 9:00

VOD

Have the link to the VOD?

Description

Time

  • Played on: Sept. 6, 2019, 4:58 p.m.
  • Length: 7:43
Show
View Real Time Build Order
Export as new Build Order

Zanster Zerg 

Build Orders: Hatch First 

Get SALT Encoding   

  12  0:00  Drone  
  13  0:12  Overlord  
  13  0:16  Drone  
  14  0:31  Drone x2  
  16  0:48  Hatchery  
  15  0:51  Drone  
  15  0:55  Drone  
  17  0:58  Drone  
  18  1:09  Extractor  
  17  1:14  Spawning Pool  
  17  1:16  Drone  
  17  1:19  Drone  
  18  1:29  Drone  
  19  1:39  Drone  
  20  1:49  Drone  
  21  2:01  Queen x2  
  21  2:02  Overlord  
  21  2:03  Drone  
  21  2:08  Metabolic Boost  
  26  2:11  Zergling x2  
  26  2:12  Zergling x2  
  28  2:22  Drone x2  
  30  2:37  Drone x2  
  30  2:41  Queen  
  34  2:49  Overlord  
  34  2:52  Drone  
  35  2:59  Drone x2  
  35  3:05  Overlord  
  36  3:12  Drone x7  
  43  3:17  Lair  
  43  3:24  Drone x2  
  45  3:29  Zergling x2  
  46  3:39  Roach Warren  
  44  3:42  Drone x4  
  44  3:45  Hatchery  
  44  3:46  Drone x2  
  49  3:49  Overlord  
  49  3:58  Zergling x2, Drone  
  51  4:03  Spore Crawler, Overlord  
  51  4:08  Extractor x2  
  49  4:18  Overlord  
  53  4:32  Glial Reconstitution  
  53  4:37  Drone x4  
  53  4:38  Spore Crawler  
  45  4:40  Spore Crawler  
  45  4:43  Drone  
  45  4:45  Drone x6  
  51  4:46  Overseer  
  51  4:51  Drone  
  51  4:54  Drone  
  51  4:59  Overlord  
  52  5:07  Overlord  
  52  5:08  Overlord  
  52  5:12  Spore Crawler  
  51  5:15  Queen  
  51  5:19  Roach x6  
  64  5:22  Roach  
  67  5:30  Roach x2  
  69  5:37  Roach x2  
  69  5:39  Roach x2  
  77  5:44  Roach x3  
  77  5:45  Roach  
  77  5:46  Roach  
  77  5:49  Overlord  
  85  6:02  Roach  
  85  6:03  Roach x4  
  95  6:08  Overlord  
  95  6:10  Roach  
  97  6:11  Overlord  
  97  6:15  Overlord  
  95  6:27  Nydus Network  
  95  6:30  Drone  
  95  6:31  Drone x5  
  94  6:42  Zergling x14  
  96  6:50  Zergling x2  
  96  6:51  Zergling x6  
  87  7:04  Overseer  
  87  7:06  Roach x3  
  93  7:10  Roach  
  93  7:12  Roach  
  89  7:23  Drone x7  
  89  7:26  Drone  
  97  7:37  Hydralisk Den  
Show
View Real Time Build Order
Export as new Build Order

Gerald Protoss - Winner!

Build Orders: 1 Gate Expand, Oracle Opening 

Get SALT Encoding   

  12  0:01  Probe  
  13  0:13  Probe  
  14  0:21  Pylon  
  14  0:25  Probe  
  15  0:29  Assimilator  
  15  0:36  Probe  
  16  0:43  Gateway  
  16  0:44  Probe  
  17  0:53  Probe  
  18  1:05  Probe  
  19  1:18  Probe  
  20  1:24  Nexus  
  20  1:33  Cybernetics Core  
  20  1:39  Probe  
  21  1:42  Assimilator  
  21  1:49  Pylon  
  21  1:52  Probe  
  22  1:59  Adept  
  22  2:04  Probe  
  23  2:11  Stargate  
  25  2:16  Probe  
  26  2:23  Warp Gate, Stalker  
  26  2:28  Probe  
  27  2:30  Pylon  
  29  2:37  Probe  
  29  2:40  Probe  
  31  2:47  Pylon  
  31  2:49  Probe  
  32  2:52  Oracle, Probe  
  33  3:01  Probe  
  33  3:04  Probe  
  38  3:13  Probe  
  38  3:15  Gateway  
  38  3:16  Probe  
  40  3:21  Oracle  
  40  3:25  Probe  
  41  3:29  Pylon  
  41  3:31  Assimilator  
  44  3:35  Probe  
  44  3:38  Probe  
  46  3:45  Assimilator  
  46  3:47  Oracle, Probe  
  47  3:50  Probe  
  48  3:58  Pylon  
  48  3:59  Probe  
  48  4:02  Probe  
  53  4:09  Gateway  
  51  4:11  Probe  
  51  4:14  Stargate, Probe  
  53  4:22  Pylon  
  53  4:23  Probe  
  54  4:24  Phoenix  
  54  4:26  Probe  
  57  4:36  Probe  
  59  4:38  Probe  
  59  4:41  Pylon  
  59  4:42  Gateway  
  59  4:49  Phoenix  
  59  4:51  Phoenix  
  59  4:55  Pylon, Adept x2  
  67  5:07  Stalker  
  67  5:10  Probe  
  67  5:11  Probe  
  71  5:19  Phoenix  
  71  5:20  Phoenix  
  75  5:32  Probe  
  75  5:34  Pylon  
  73  5:36  Phoenix  
  73  5:40  Adept x4  
  81  5:45  Phoenix  
  81  5:47  Pylon  
  85  6:00  Nexus  
  85  6:01  Phoenix  
  87  6:20  Void Ray x2  
  95  6:33  Sentry  
  95  6:34  Stalker x2  
  97  6:42  Probe  
  97  6:45  Zealot  
  97  6:46  Probe  
  100  6:58  Gateway, Zealot  
  100  7:01  Gateway  
  98  7:03  Pylon  
  98  7:04  Pylon  
  98  7:06  Zealot  
  101  7:13  Probe  
  101  7:14  Probe  
  102  7:18  Probe  
  103  7:25  Probe  
  103  7:26  Probe  
  105  7:30  Zealot x4  
  113  7:41  Cybernetics Core  
Tags
 
Add a new tag
Caveats
  • Supply blocks, unpowered buildings, or Contaminate may cause inaccurate times.
  • Supply counts are checked every 10 seconds.